 Dungeon Crawl Stone Soup version 0.29-a0-823-gc37b1572da (webtiles) character file.

Game seed: 9143419590863845199

1806 buhh the Insei (level 9, -2/58 (62) HPs)
             Began as an Octopode Transmuter on July 9, 2022.
             Was an Initiate of Ashenzari.
             Slain by a wight
             ... wielding a +4 battleaxe
              (21 damage)
             ... on level 7 of the Dungeon.
             The game lasted 00:09:45 (7412 turns).

buhh the Insei (Octopode Transmuter)                Turns: 7412, Time: 00:09:45

HP:   -2/58 (62)    AC:  2    Str: 10    XL:     9   Next: 9%
MP:   9/12          EV: 23    Int: 19    God:    Ashenzari [......]
Gold: 302           SH:  0    Dex: 17    Spells: 6/12 levels left

rFire   . . .      SeeInvis .     - Unarmed
rCold   . . .      Faith    .   (shield currently unavailable)
rNeg    . . .      Spirit   .   (helmet currently unavailable)
rPois   x          Reflect  .   q - amulet of the acrobat
rElec   .          Harm     .   k - ring of willpower
rCorr   .          Rampage  .   (no ring)
Will    +....                   (no ring)
Stlth   ++........              (no ring)
HPRegen 0.19/turn               (no ring)
MPRegen 0.13/turn               (no ring)
                                (no ring)
                                (no ring)

@: spider-form (expiring), drained
A: venomous fangs, almost no armour, (amphibious), 8 rings, tiny, (camouflage
1), (gelatinous body 1), (nimble swimmer 1), (tentacles)
a: End Transformation, Renounce Religion, Curse Item


You were on level 7 of the Dungeon.
You worshipped Ashenzari.
Ashenzari was noncommittal.
You were a venomous arachnid creature.
You visited 2 branches of the dungeon, and saw 8 of its levels.

You collected 302 gold pieces.

Inventory:

Missiles
 o - 13 poisoned darts
Jewellery
 k - a ring of willpower (left front leg)
 q - an amulet of the acrobat (around neck)
Scrolls
 a - 3 scrolls of identify {!d}
 c - 4 scrolls of fog
 d - a scroll of enchant armour {unknown}
 m - 2 scrolls of immolation {!d}
 r - a scroll of magic mapping {!r!d}
Potions
 b - 2 potions of attraction
 e - a potion of magic {unknown}
 f - a potion of flight {unknown}
 h - a potion of haste {unknown}
 i - 2 potions of brilliance {!q!d}
 j - a potion of heal wounds {unknown}
 s - a potion of mutation {unknown}


   Skills:
 - Level 6.0 Fighting
 - Level 6.0 Dodging
 - Level 2.0 Stealth
 - Level 6.0 Unarmed Combat
 - Level 2.0 Spellcasting
 - Level 5.0 Transmutations
 * Level 2.5 Ice Magic
 - Level 2.0 Poison Magic


You had 6 spell levels left.
You knew the following spells:

 Your Spells              Type           Power      Damage    Failure   Level
a - Beastly Appendage     Tmut           40%        N/A       9%          1
b - Wereblood             Tmut           20%        N/A       11%         2
c - Spider Form           Tmut/Pois      15%        N/A       28%         3

Your spell library contained the following spells:

 Spells                   Type           Power      Damage    Failure   Level
 Summon Small Mammal      Summ           4%         N/A       36%         1
 Ice Form                 Ice/Tmut       16%        N/A       56%         4
 Call Canine Familiar     Summ           1%         N/A       67%         3
 Summon Guardian Golem    Hex/Summ       1%         N/A       67%         3


Dungeon Overview and Level Annotations

Branches:
Dungeon (7/15) Zot: 26513  Temple (1/1) D:5 Zot: 5969

Altars:
Ashenzari
Cheibriados
Gozag
Hepliaklqana
Kikubaaqudgha
Nemelex Xobeh
Okawaru
Qazlal
Ru
Sif Muna
Trog
Uskayaw
Xom
Zin
The Shining One

Shops:
D:6 [


Innate Abilities, Weirdness & Mutations

You are a venomous arachnid creature.
You have poisonous fangs.
You are tiny and dextrous.
Your spellcasting is less reliable in this form.
Your armour is entirely melded.
You are incapable of wielding weapons or throwing items.
You cannot wear most types of armour.
((You are amphibious.))
You can wear up to eight rings at the same time.
((Your skin changes colour to match your surroundings (Stealth+).))
((Your rubbery body absorbs attacks. (AC +1, EV +1)))
((You are camouflaged when in or above water. (Stealth+)))
((You have tentacles for arms and can constrict up to eight enemies at once.))


Message History

You start resting.
HP restored.
You start waiting.
Done waiting.
You start waiting.
Done waiting.
You miscast Beastly Appendage.
You are very lightly contaminated with residual magic.
Nothing appears to happen.
You turn into a venomous arachnid creature.
You climb downwards.
The wight misses you.
There is a stone staircase leading up here.
You hit the wight but do no damage. The wight hits you with a +4 battleaxe!
You feel drained.
You bite the wight!
The wight is heavily damaged.
The wight completely misses you.
You hit the wight but do no damage.
The wight is heavily damaged.
The wight completely misses you.
Your magical contamination has completely faded away.
You hit the wight but do no damage.
The wight is heavily damaged.
The wight completely misses you.
You barely miss the wight.
The wight is heavily damaged.
The wight hits you with a +4 battleaxe!
You feel drained.
You hit the wight.
The wight is heavily damaged.
Your transformation is almost over.
The wight hits you with a +4 battleaxe!
You hit the wight but do no damage.
The wight is heavily damaged.
You hit the wight but do no damage.
The wight is heavily damaged.
The wight misses you.
You completely miss the wight.
The wight is heavily damaged.
The wight hits you with a +4 battleaxe!!
You die...

#......#+#.####...#
#......###.# #...#
#.................#
#####......#.#.#.##z..#
#..........+...#.#....+
#..........# #.#.#..>.#
#........### #.#.#..###
#........###.#.#.#..#..
#....zs......#.#.#..#..
#............#.........
####...................
##.##......#.........
#........###.....##..
#........# ##....####
##........# ##+#.#
#.........# #.#.#
#.........### #.#.#


You could see a wight.

Vanquished Creatures
  3 steam dragons (D:6)
  A black bear (D:7)
  2 sky beasts (D:6)
  An ogre (D:6)
  2 phantoms
  A kobold brigand (D:6)
  2 necrophages (D:5)
  3 scorpions
  A jelly (D:5)
  2 howler monkeys (D:7)
  An orc priest (D:6)
  3 hounds
  Jessica (D:3)
  3 iguanas
  2 orc wizards (D:5)
  Robin (D:2)
  3 gnolls (D:4)
  3 adders
  A white imp (D:5)
  An ufetubus (D:4)
  3 dart slugs
  8 orcs
  4 endoplasms
  4 giant cockroaches
  12 goblins
  7 hobgoblins
  4 jackals (D:3)
  2 quokkas
  4 ball pythons
  4 bats
  2 frilled lizards
  9 kobolds
  6 rats
106 creatures vanquished.

Vanquished Creatures (others)
  An orc (D:6)
1 creature vanquished.

Grand Total: 107 creatures vanquished

Notes
Turn   | Place    | Note
-------+----------+-------------------------------------------
     0 | D:1      | buhh the Octopode Transmuter began the quest for the Orb.
     0 | D:1      | Reached XP level 1. HP: 13/13 MP: 3/3
   190 | D:1      | Reached XP level 2. HP: 16/18 MP: 3/5
   228 | D:1      | Found a faded altar of an unknown god.
   789 | D:2      | Noticed Robin
   819 | D:1      | Learned a level 2 spell: Wereblood
   932 | D:2      | Reached XP level 3. HP: 23/23 MP: 4/6
  1032 | D:2      | Killed Robin
  1399 | D:3      | Noticed Jessica
  1403 | D:3      | Killed Jessica
  1404 | D:3      | Reached XP level 4. HP: 29/29 MP: 5/7
  1448 | D:3      | Found a sparkling altar of Nemelex Xobeh.
  1448 | D:3      | Found a hazy altar of Hepliaklqana.
  1448 | D:3      | Found a shimmering blue altar of Sif Muna.
  1780 | D:3      | Reached XP level 5. HP: 10/35 MP: 4/8
  2321 | D:4      | Noticed a phantom
  2896 | D:4      | Learned a level 3 spell: Spider Form
  2921 | D:4      | Killed a phantom
  2922 | D:4      | Reached XP level 6. HP: 15/42 MP: 6/9
  3886 | D:5      | Entered Level 5 of the Dungeon
  4231 | D:5      | Reached XP level 7. HP: 39/46 MP: 10/10
  4238 | D:5      | Noticed a steam dragon
  4769 | D:5      | Found a staircase to the Ecumenical Temple.
  4775 | Temple   | Entered the Ecumenical Temple
  4797 | Temple   | Became a worshipper of Ashenzari the Shackled
  4823 | D:5      | Reached skill level 5 in Unarmed Combat
  4975 | D:5      | Reached skill level 5 in Dodging
  5536 | D:6      | Noticed a steam dragon
  5560 | D:6      | Killed a steam dragon
  5561 | D:6      | Reached XP level 8. HP: 9/54 MP: 6/11
  5879 | D:6      | Reached skill level 5 in Fighting
  5923 | D:6      | Found Caomaun's Armour Shop.
  6999 | D:7      | Reached skill level 5 in Transmutations
  6999 | D:7      | Reached XP level 9. HP: 54/62 MP: 5/12
  7412 | D:7      | Slain by a wight

Illustrated notes

Levels and vault maps discovered:
D:1:      erik_arrival_blinker_ship, layout_basic,
          hellmonk_ecumenical_altar_pennies_from_heaven
D:2:      layout_basic, minmay_misc_feat_columns, uniq_robin
D:3:      layout_rooms, gammafunk_temple_overflow_claw, uniq_jessica
D:4:      layout_basic, fountainhead, minivault_1
D:5:      layout_gridville, minmay_temple_entry_wispy, serial_shops,
          kennysheep_mini
D:6:      cheibrodos_steamvent, layout_basic, serial_shops, nicolae_shop_stone,
          skrybe_limestone_x
D:7:      layout_basic
Temple:   nicolae_temple_two_arcs

Skill      XL: |  1  2  3  4  5  6  7  8  9 |
---------------+----------------------------+-----
Poison Magic   | 1 2 |  2.0
Stealth        | 2 |  2.0
Fighting       | 2 3 4 6 |  6.0
Dodging        | 3 4 5 6 |  6.0
Unarmed Combat | 4 5 6 |  6.0
Transmutations | 5 |  5.0
Ice Magic      | 1 2 |  2.5
Spellcasting   | |  2.0

Action                   |  1- 3 |  4- 6 |  7- 9 || total
-------------------------+-------+-------+-------++-------
Melee: Unarmed           |    69 |   111 |   159 ||   339
       Constrict         |    15 |    20 |     9 ||    44
       Kick              |    10 |    27 |    15 ||    52
       Tentacles         |     6 |    21 |    15 ||    42
       Punch             |       |     2 |     3 ||     5
 Cast: Beastly Appendage |    19 |    21 |    14 ||    54
       Wereblood         |     1 |     1 |     1 ||     3
       Spider Form       |       |     2 |    13 ||    15
  Use: Potion            |     1 |       |     3 ||     4
       Scroll            |       |     4 |     7 ||    11
 Stab: Sleeping          |     7 |     3 |     2 ||    12
Armor: Skin              |    31 |     2 |     6 ||    39
Dodge: Dodged            |    33 |    78 |   176 ||   287

Table legend: (Time is in decaauts)
 A = Elapsed time spent in this place.
 B = Non-inter-level travel time spent in this place.
 C = Inter-level travel time spent in this place.
 D = Time resting spent in this place.
 E = Time spent auto-exploring this place.
 F = Levels seen in this place.
 G = Mean time per level.
                   A        B        C        D        E       F      G
               +--------+--------+--------+--------+--------+-----+--------+
         Total |   7384 |   7079 |    305 |   1293 |   4768 |   8 |  923.0 |
       Dungeon |   7354 |   7057 |    297 |   1293 |   4763 |   7 | 1050.6 |
        Temple |     30 |     22 |      8 |      0 |      5 |   1 |   30.0 |
               +--------+--------+--------+--------+--------+-----+--------+

Top non-repeatable levels by time:
     D:4: 1723 daAuts
     D:6: 1716 daAuts
     D:5: 1499 daAuts
     D:3: 879 daAuts
     D:1: 837 daAuts
     D:2: 540 daAuts
     D:7: 158 daAuts
  Temple: 30 daAuts
